 Dungeon Crawl Stone Soup version 0.29.1-12-g30fa7ad0bf (webtiles) character file.

Game seed: 13072759479755763665

38 bubby the Trooper (level 3, -1/31 HPs)
             Began as a Palentonga Fighter on Jan 15, 2023.
             Succumbed to an adder's poison
             ... on level 2 of the Dungeon.
             The game lasted 00:03:11 (1032 turns).

bubby the Trooper (Palentonga Fighter)              Turns: 1032, Time: 00:03:11

Health: -1/31      AC:  7    Str: 23    XL:     3   Next: 25%
Magic:  3/3        EV:  7    Int:  8    God:
Gold:   62         SH:  4    Dex:  9    Spells: 2/2 levels left

rFire   . . .      SeeInvis +   a - +0 war axe
rCold   . . .      Faith    .   c - +0 buckler
rNeg    . . .      Spirit   .   b - +0 scale mail
rPois   .          Reflect  .   (no helmet)
rElec   .          Harm     .   (no cloak)
rCorr   .          Rampage  .   j - +0 pair of gloves
Will    .....                   (no barding)
Stlth   ..........              i - amulet of the acrobat
HPRegen 0.10/turn               (no ring)
MPRegen 0.08/turn               (no ring)

@: lethally poisoned (-1 -> -8), about to teleport
A: large, rugged brown scales 3, see invisible, deformed body, roll 1, armoured
tail
a: Rolling Charge


You were on level 2 of the Dungeon.
You visited 1 branch of the dungeon, and saw 2 of its levels.

You collected 62 gold pieces.

Inventory:

Hand Weapons
 a - a +0 war axe (weapon)
Armour
 b - a +0 scale mail (worn)
 c - a +0 buckler (worn)
 j - a +0 pair of gloves (worn)
 k - a +0 leather armour
Jewellery
 i - an amulet of the acrobat (around neck)
Scrolls
 g - 2 scrolls of teleportation
 h - 4 scrolls of identify {unknown}
Potions
 d - a potion of might


   Skills:
 + Level 3.3 Fighting
 + Level 2.5 Axes
 + Level 2.7 Armour
 + Level 3.0 Shields


You had 2 spell levels left.
You didn't know any spells.
Your spell library contained the following spells:

 Spells                   Type           Power      Damage    Failure   Level
 Static Discharge         Conj/Air       0%         3-3/arc   90%         2
 Dispel Undead            Necr           0%         3d6       100%        4
 Sticky Flame             Conj/Fire      0%         2d3       100%        4


Dungeon Overview and Level Annotations

Branches:
Dungeon (2/15)

Altars:


Innate Abilities, Weirdness & Mutations

You are completely covered in rugged brown scales. (AC +3, +7% HP)
You have supernaturally acute eyesight. (SInv)
Armour fits poorly on your strangely shaped body.
You can roll at nearby foes to attack.
You have a long armoured tail.


Message History

The adder is severely wounded.
You hit the adder but do no damage.
You feel sick. You block the adder's attack. The adder bites you.
You are more poisoned.
The adder poisons you! The adder bites you but does no damage.
The adder bites you.
You are more poisoned.
The adder poisons you!
You hit the adder.
The adder is severely wounded.
You miss the adder.
You feel very sick.
The adder bites you but does no damage. x2; The adder barely misses you.
The adder bites you.
You are too injured to fight recklessly!
Unknown command.
You barely miss the adder.
The adder is severely wounded.
You miss the adder.
* * * LOW HITPOINT WARNING * * *
You feel very sick. The adder bites you but does no damage.
The adder bites you.
* * * LOW HITPOINT WARNING * * *
You are more poisoned.
The adder poisons you! You block the adder's attack.
The adder barely misses you.
It was a potion of cancellation.
You feel magically purged.
* * * LOW HITPOINT WARNING * * *
You feel very sick. You block the adder's attack.
The adder bites you but does no damage.
The air fills with toxic fumes!
As you read the scroll labelled DIUCHY SUNEN, it crumbles to dust.
It was a scroll of poison.
* * * LOW HITPOINT WARNING * * *
You feel sick. The adder closely misses you. The adder bites you.
* * * LOW HITPOINT WARNING * * *
The adder bites you but does no damage.
As you read the scroll labelled QAYNWOUXAWY, it crumbles to dust.
You feel strangely unstable.
It was a scroll of teleportation.
You die...

# ## §###§ # # ##§#§
#####.##### §g§##
...<....... #SS§###§#
######.#... #@§§§§§#
######.#.# #§§§#§###
.......#.#######§§§§§§..
########.......§§§§§§§§§
#.#######§#§§§§## #.#
#§##§§§# #.##### #§#
§#§# #.....# #§# §#§#
#####.# #.# .


You could see 2 adders and a hobgoblin.

Vanquished Creatures
  A gnoll (D:1)
  A worm (D:2)
  2 endoplasms (D:1)
  2 giant cockroaches (D:1)
  2 hobgoblins (D:1)
  3 kobolds (D:1)
  A quokka (D:1)
  2 ball pythons (D:1)
  3 bats (D:1)
  3 frilled lizards (D:1)
  A goblin (D:1)
  6 rats (D:1)
27 creatures vanquished.

Notes
Turn   | Place    | Note
-------+----------+-------------------------------------------
     0 | D:1      | bubby the Palentonga Fighter began the quest for the Orb.
     0 | D:1      | Reached XP level 1. HP: 19/19 MP: 1/1
   324 | D:1      | Reached XP level 2. HP: 25/25 MP: 2/2
   661 | D:1      | Reached XP level 3. HP: 29/31 MP: 3/3
   784 | D:1      | Found a faded altar of an unknown god.
  1031 | D:2      | HP: 1/31 [adder (1)]
  1032 | D:2      | Succumbed to an adder's poison

Illustrated notes

Levels and vault maps discovered:
D:1:      kennysheep_arrival_forest, layout_rooms,
          shapermc_ecumenical_altar_hornbeckon
D:2:      layout_loops_ring, minmay_distorted

Skill      XL: |  1  2 |
---------------+-------+-----
Shields        | 3 |  3.0
Fighting       | |  3.3
Axes           | |  2.5
Armour         | |  2.7

Action                   || total
-------------------------++-------
Melee: War axe           ||    79
       Tailslap          ||     5
 Abil: Rolling Charge    ||     8
  Use: Scroll            ||     2
       Potion            ||     1
Armor: Scale mail        ||    55
Dodge: Dodged            ||    30
Block: Buckler           ||    12
